cohdb
Replays
Latest Replays
All Replays
Popular Replays
Top Player Replays
Match Explorer
How It Works
Community
CoH3 Stats
Reddit
Sign in to upload your games and track your stats! →
Sign in with Steam
Match 32423145
Unlisted
Match 32423145
Overview
Messages
Build Orders
End
Construct Barracks
Riflemen Squad
M1 Mortar Team
Riflemen Squad
M1 Mortar Team
Riflemen Squad
Selects Advanced Infantry Battlegroup
Selects Convert to Ranger Squad
Convert to Ranger Squad
Selects Frontline Medical Station
Infantry Support Center
Convert to Ranger Squad
Munitions Surplus
Survival Training
Advanced Logistics
Convert to Ranger Squad
Construct Weapon Support Center
Riflemen Squad
Convert to Ranger Squad
Convert to Ranger Squad
Selects Ranger Weapon Training
Frontline Medical Station
Bruistablet
Professor gibberish
neil911
Hunter_Chen
AngryHorizon
turbo
TABOU
[CЯAB] Sum Ting Wong
0
0
Comments
sign in to comment!
No comments posted yet!